 Dungeon Crawl Stone Soup version 0.28.0-43-g3370ac3207 (webtiles) character file.

Game seed: 7121082916606783627

121 gzilladon the Chopper (level 5, 0/47 HPs)
             Began as a Hill Orc Monk on Mar 29, 2022.
             Was a Believer of Beogh.
             Slain by a jelly (2 damage)
             ... on level 3 of the Dungeon.
             The game lasted 00:18:50 (3740 turns).

gzilladon the Chopper (Hill Orc Monk)               Turns: 3740, Time: 00:18:50

Health: 0/47       AC: -3    Str: 16    XL:     5   Next: 5%
Magic:  5/5        EV:  7    Int: 10    God:    Beogh [**....]
Gold:   128        SH:  0    Dex: 13    Spells: 4/4 levels left

rFire   . . .      SeeInvis +   a - +0 hand axe
rCold   . . .      Faith    .   (no shield)
rNeg    . . .      Spirit   .   p - +0 chain mail
rPois   .          Reflect  .   (no helmet)
rElec   .          Harm     .   (no cloak)
rCorr   .          Rampage  .   (no gloves)
Will    .....                   (no boots)
Stlth   ..........              (no amulet)
HPRegen 0.15/turn               q - ring of see invisible
MPRegen 0.09/turn               (no ring)

@: corroded
A: no striking features
a: Renounce Religion, Smiting


You were on level 3 of the Dungeon.
You worshipped Beogh.
Beogh was pleased with you.
You visited 1 branch of the dungeon, and saw 3 of its levels.

You collected 128 gold pieces.

Inventory:

Hand Weapons
 a - a +0 hand axe (weapon)
Missiles
 c - 34 stones
 k - 22 poisoned darts (quivered)
 m - a boomerang
Armour
 b - a +0 robe
 d - a +0 leather armour
 g - a +0 ring mail
 n - a +0 scale mail
 p - a +0 chain mail (worn)
Jewellery
 q - a ring of see invisible (left hand)
Scrolls
 e - a scroll of immolation
 f - a scroll of teleportation {unknown}
 i - a scroll of torment {unknown}
 j - 4 scrolls of identify {unknown}
 l - a scroll of summoning {unknown}
 o - a scroll of blinking {unknown}
Potions
 h - a potion of attraction {unknown}


   Skills:
 * Level 4.3 Fighting
 + Level 5.6 Axes
 + Level 0.2 Throwing
 * Level 2.5 Armour
 + Level 2.6 Dodging
 + Level 1.5 Stealth


You had 4 spell levels left.
You didn't know any spells.
Your spell library was empty.

Dungeon Overview and Level Annotations

Branches:
Dungeon (3/15)

Altars:
Uskayaw

Shops:
D:1 *


Message History

You start waiting.
An endoplasm is nearby!
An endoplasm is nearby!
An endoplasm is nearby!
The endoplasm quivers.
You slash the endoplasm!
You kill the endoplasm!
Beogh accepts your kill.
You start waiting.
Done waiting.
You see here a +0 whip.
The jelly quivers.
The endoplasm quivers. x3
There is an open door here.
You hit the endoplasm. You punch the endoplasm.
The endoplasm is heavily wounded.
The endoplasm freezes you.
You are frozen.
You hit the endoplasm.
The endoplasm is severely wounded.
The endoplasm hits you but does no damage.
You hit the endoplasm.
You kill the endoplasm!
Beogh accepts your kill.
You hit the jelly but do no damage. The acid corrodes you!
Your hands burn!
The jelly hits you but does no damage.
You hit the jelly.
Your hands burn!
The jelly is lightly wounded.
The jelly hits you. The acid corrodes you!
You are splashed with acid!
The jelly hits you.
You are splashed with acid!
You hit the jelly but do no damage.
Your hands burn!
* * * LOW HITPOINT WARNING * * *
The jelly is lightly wounded.
The jelly hits you.
* * * LOW HITPOINT WARNING * * *
The acid corrodes you!
You are splashed with acid!
* * * LOW HITPOINT WARNING * * *
As you read the scroll labelled WEOREDOEXU, it crumbles to dust.
The creatures around you are filled with an inner flame!
It was a scroll of immolation.
The jelly hits you.
You die...

########## #.##.#
$.÷......# #.##.###
........÷# #.##...
.........# #.....#
.....J.J.# #.....##
÷....J÷..# #.##...#
÷..÷...÷.####.##..####
#######'# #..........#
##...)@J##
#.#.###.#.##
#.########
#...###.#.##
##..'[...#
#...≈##.#... ####....#
#..≈≈≈#..... #.......#
#..≈≈.....## #.......#
#.≈≈###...# #.....[.#
#.≈≈......# #.......#
#.≈.###...##
##..)).####.≈......<..


You could see a jelly (inner flame).

Vanquished Creatures
  A jelly (D:3)
  2 adders (D:2)
  2 worms (D:2)
  A dart slug (D:2)
  An orc (D:2)
  5 ball pythons (D:2)
  2 bats (D:1)
  11 endoplasms
  A giant cockroach (D:1)
  5 goblins
  6 hobgoblins
  6 quokkas
  A frilled lizard (D:3)
  10 kobolds
  A rat (D:1)
55 creatures vanquished.

Vanquished Creatures (others)
  An orc priest (D:3)
  2 orcs (D:3)
  A quokka (D:3)
  2 goblins (D:3)
  9 fungi (D:3)
  2 plants (D:1)
  7 toadstools (D:3)
24 creatures vanquished.

Grand Total: 79 creatures vanquished

Notes
Turn   | Place    | Note
-------+----------+-------------------------------------------
     0 | D:1      | gzilladon the Hill Orc Monk began the quest for the Orb.
     0 | D:1      | Reached XP level 1. HP: 19/19 MP: 1/1
   182 | D:1      | Reached XP level 2. HP: 24/27 MP: 2/2
   864 | D:1      | Found Rirorouf's Assorted Antiques.
  1133 | D:2      | Reached skill level 5 in Axes
  1133 | D:2      | Reached XP level 3. HP: 29/33 MP: 3/3
  1490 | D:2      | Reached skill level 1 in Armour
  1846 | D:2      | Found a faded altar of an unknown god.
  1852 | D:2      | Reached XP level 4. HP: 25/40 MP: 4/4
  2388 | D:3      | Found a hide-covered altar of Uskayaw.
  2692 | D:3      | Became a worshipper of Beogh the Brigand
  2692 | D:3      | Reached * piety under Beogh
  2692 | D:3      | Reached ** piety under Beogh
  2911 | D:3      | Reached XP level 5. HP: 32/47 MP: 5/5
  3739 | D:3      | HP: 2/47 [acid (7)]
  3740 | D:3      | Slain by a jelly

Illustrated notes

Levels and vault maps discovered:
D:1:      minmay_arrival_plants_in_alcoves, layout_rooms, serial_shops, shop,
          chequers_serial_rivers_large_b
D:2:      layout_rooms, hellmonk_ecumenical_altar_leap_of_faith,
          minmay_door_square, nicolae_concentric_dashed_squares_mild
D:3:      cheibrodos_fertilizer, layout_basic, lemuel_tele_altar,
          lemuel_zombie_altar_yredelemnul, serial_shops,
          nicolae_shop_behind_doors, serial_rivers,
          chequers_serial_rivers_small_a, chequers_serial_rivers_micro_c,
          chequers_serial_rivers_room_a, chequers_serial_rivers_micro_e,
          chequers_serial_rivers_small_a, kennysheep_generic_room_9

Skill      XL: |  1  2  3  4 |
---------------+-------------+-----
Fighting       | 4 |  4.3
Axes           | 5 |  5.6
Armour         | 1 2 |  2.5
Throwing       | |  0.2
Dodging        | |  2.6
Stealth        | |  1.5

Action                   |  1- 3 |  4- 6 || total
-------------------------+-------+-------++-------
Melee: Hand axe          |   127 |    57 ||   184
       Punch             |       |     1 ||     1
Throw: Stone             |    12 |     3 ||    15
Invok: Convert to Beogh  |       |     1 ||     1
  Use: Scroll            |       |     1 ||     1
Armor: Leather armour    |     5 |       ||     5
       Ring mail         |    39 |     4 ||    43
       Chain mail        |       |    25 ||    25
       Scale mail        |       |     1 ||     1
Dodge: Dodged            |    64 |    26 ||    90
